 Dungeon Crawl Stone Soup version 0.24-a0-584-g9d6b971ae4 (webtiles) character file.

Game seed: 7898167847329562073, levelgen mode: deterministic

119 Arang the Covered (level 5, -2/42 HPs)
             Began as a Formicid Fighter on Aug 31, 2019.
             Killed from afar by an orc wizard (9 damage)
             ... with a magic dart
             ... on level 3 of the Dungeon.
             The game lasted 00:04:41 (2879 turns).

Arang the Covered (Formicid Fighter)                Turns: 2879, Time: 00:04:41

Health: -2/42      AC:  7    Str: 21      XL:     5   Next: 24%
Magic:  5/5        EV:  8    Int:  8      God:
Gold:   107        SH:  9    Dex:  9 (10) Spells: 4/4 levels left

rFire    . . .     SeeInvis +   a - +0 war axe
rCold    . . .     Gourm    .   c - +0 shield
rNeg     . . .     Faith    .   b - +0 scale mail
rPois    .         Spirit   .   (helmet unavailable)
rElec    .         Reflect  .   (no cloak)
rCorr    .         Harm     .   (no gloves)
MR       .....                  (no boots)
Stlth    ..........             (no amulet)
HPRegen  0.14/turn              (no ring)
MPRegen  0.09/turn              (no ring)

@: no status effects
A: permanent stasis, dig shafts and tunnels, four strong arms, antennae 3
a: Dig, Shaft Self


You were on level 3 of the Dungeon.
You were near starving.

You visited 1 branch of the dungeon, and saw 3 of its levels.

You collected 107 gold pieces.

Inventory:

Hand Weapons
 a - a +0 war axe (weapon)
 p - a +1 spear of flaming
Missiles
 j - 19 poisoned darts (quivered)
Armour
 b - a +0 scale mail (worn)
 c - a +0 shield (worn)
Jewellery
 r - a +4 amulet of reflection {unknown}
Wands
 s - a wand of acid (9)
Scrolls
 i - 2 scrolls of amnesia {unknown}
 l - 6 scrolls of identify {unknown}
 m - a scroll of fog {unknown}
 o - a scroll of magic mapping {unknown}
Potions
 d - a potion of might
 e - a potion of degeneration
 h - a potion of resistance {unknown}
 k - 2 potions of flight {unknown}
 n - a potion of mutation {unknown}
 q - a potion of curing {unknown}
Comestibles
 f - 8 rations


   Skills:
 + Level 4.0 Fighting
 + Level 3.5 Axes
 + Level 0.6 Throwing
 + Level 4.4 Armour
 - Level 3.6 Shields


You had 4 spell levels left.
You didn't know any spells.
Your spell library was empty.

Dungeon Overview and Level Annotations

Branches:
Dungeon (3/15)

Altars:
Cheibriados
Fedhas


Innate Abilities, Weirdness & Mutations

You cannot be hasted, slowed, berserked, paralysed or teleported.
You can dig through walls and to a lower floor.
Your four strong arms can wield two-handed weapons with a shield.
You have a pair of large antennae on your head. (SInv)


Message History

An orc wizard comes into view. It is wielding a +0 dagger.
The orc wizard shouts!
You hear a shout!
An orc priest comes into view. It is wielding a +0 mace.
There is an open door here.
The orc priest calls down the wrath of Beogh upon you.
Beogh smites you!
There is an open door here.
The orc priest calls down the wrath of Beogh upon you.
Beogh smites you!
You are near starving!
You block the orc wizard's attack.
The orc wizard points at you and mumbles some strange words.
The puff of flame hits you.
The orc wizard hits you with a +0 dagger.
The orc wizard casts a spell at you. The puff of frost hits you!
* * * LOW HITPOINT WARNING * * *
The orc wizard casts a spell at you. The magic dart hits you!
You die...

#....# #.#### ########.
##########....# #.# #.o{..o.#
#.......##....# #W# ###...###{
#.......##....# #.# #.'.....#{
#........#....# #.# #.#.....#
#........#....####.# #.#.....#
#........'.........# #{#.....#
#........#...##########.##......
#........##.....@.o..o..#
..#.###
######...################ ......
#...# #.#.## #..)######
#######.......# .<.>...######.#
.####.......#)# .# #.........#
.# #...##.####


You could see 2 orc wizards.

Vanquished Creatures
  Robin (D:2)
  4 adders
  A worm (D:2)
  3 dart slugs
  4 leopard geckos
  An orc (D:3)
  5 giant cockroaches
  10 goblins
  10 hobgoblins
  6 kobolds
  5 bats
  3 frilled lizards
  3 rats
56 creatures vanquished.

Notes
Turn   | Place    | Note
-------+----------+-------------------------------------------
     0 | D:1      | Arang the Formicid Fighter began the quest for the Orb.
     0 | D:1      | Reached XP level 1. HP: 18/18 MP: 1/1
   127 | D:1      | Reached XP level 2. HP: 21/24 MP: 2/2
   872 | D:1      | Reached XP level 3. HP: 25/29 MP: 3/3
  1045 | D:2      | Found a faded altar of an unknown god.
  1123 | D:2      | Noticed Robin
  1171 | D:2      | Killed Robin
  1202 | D:2      | Reached XP level 4. HP: 37/37 MP: 4/4
  1934 | D:3      | Reached XP level 5. HP: 38/42 MP: 5/5
  2181 | D:3      | Found a blossoming altar of Fedhas.
  2273 | D:3      | Found a snail-covered altar of Cheibriados.
  2558 | D:3      | Noticed a phantom
  2879 | D:3      | Killed from afar by an orc wizard

Levels and vault maps discovered:
D:1:      dpeg_arrival_more_subterranean_lakeside_camping, layout_loops_ring
D:2:      layout_loops_cross, first_ration, chequers_ecumenical_altar_simple,
          serial_rivers, chequers_serial_rivers_micro_c,
          chequers_serial_rivers_micro_d, chequers_serial_rivers_micro_e,
          chequers_serial_rivers_micro_e, uniq_robin
D:3:      layout_basic, lemuel_doored_altar, led_sif_pool,
          kennysheep_slug_shrine

Skill      XL: |  1  2  3  4  5 |
---------------+----------------+-----
Armour         | 4 |  4.4
Axes           | 3 |  3.5
Fighting       | 4 |  4.0
Throwing       | |  0.6
Shields        | |  3.6

Action                   |  1- 3 |  4- 6 || total
-------------------------+-------+-------++-------
Melee: War axe           |   107 |    83 ||   190
Throw: Dart              |     8 |    13 ||    21
  Use: Potion            |     2 |       ||     2
  Eat: Chunk             |     1 |     4 ||     5
Armor: Scale mail        |    48 |    41 ||    89
Dodge: Dodged            |    33 |    26 ||    59
Block: Shield            |    62 |    51 ||   113

Table legend:
 A = Non-vault XP
 B = Vault XP
 C = Vault XP percentage of total XP
 D = Non-vault monster count
 E = Vault monster count
 F = Vault count percentage of total count
                 A         B        C        D         E       F
            +---------+---------+-------+---------+---------+-------
      Total |     133 |      38 |  22.2 |      44 |      12 |  21.4
            +---------+---------+-------+---------+---------+-------
        D:1 |      32 |       0 |   0.0 |      19 |       0 |   0.0
        D:2 |      49 |      34 |  41.0 |      16 |      11 |  40.7
        D:3 |      52 |       4 |   7.1 |       9 |       1 |  10.0
            +---------+---------+-------+---------+---------+-------
